 Dungeon Sprint DCSS version 0.21-a0-279-g6037ffb (webtiles) character file.

9929 Kidiri the Eclecticist (level 11, -3/62 (65) HPs)
             Began as a Deep Elf Fire Elementalist on Sept 23, 2017.
             Was the Champion of Vehumet.
             Succumbed to poison (dark miasma)
             ... in the Dungeon (Sprint III: "The Ten Rune Challenge").
             The game lasted 00:37:16 (3650 turns).

Kidiri the Eclecticist (Deep Elf Fire Elementalist) Turns: 3650, Time: 00:37:17

HP:   -3/62 (65)    AC:  8    Str:  5    XL:     11   Next: 29%
MP:   15/33         EV: 17    Int: 24    God:    Vehumet [******]
Gold: 92            SH:  0    Dex: 15    Spells: 10/42 levels left

rFire    . . .     SeeInvis .   m - +2 dagger (flame)
rCold    . . .     Gourm    .   (no shield)
rNeg     . . .     Faith    .   A - +0 leather armour
rPois    .         Spirit   .   l - +2 hat
rElec    .         Reflect  .   j - +1 cloak {+Inv}
rCorr    .         Harm     .   (no gloves)
MR       +....     NoTele   +   (no boots)
Stlth    ++........             (no amulet)
HPRegen  0.20/turn              (no ring)
MPRegen  0.23/turn              (no ring)

@: lethally poisoned (-3 -> -49)
A: no striking features
a: Renounce Religion, Evoke Invisibility


You were in the Dungeon.
You worshipped Vehumet.
Vehumet was exalted by your worship.
You were not hungry.

You visited 1 branch You collected 92 gold pieces.

Inventory:

Hand Weapons
 m - a +2 dagger of flaming (weapon)
Armour
 j - a +1 cloak of invisibility (worn)
 l - a +2 hat (worn)
 A - a +0 leather armour (worn)
Scrolls
 n - a scroll of immolation {unknown}
 o - 5 scrolls of remove curse
 r - a scroll of torment {unknown}
 s - a scroll of enchant armour {unknown}
 w - a scroll of recharging {unknown}
 B - a scroll of identify {unknown}
Potions
 f - 2 potions of haste
 g - 2 potions of magic
 h - 2 potions of berserk rage
 k - 2 potions of lignification {unknown}
 q - 3 potions of flight
 t - a potion of invisibility {unknown}
 u - 7 potions of mutation
 v - a potion of might
Comestibles
 b - 2 meat rations
 c - 2 bread rations
 p - 23 royal jellies


   Skills:
 + Level 6.3 Fighting
 - Level 8.0 Short Blades
 + Level 6.5 Armour
 + Level 9.7 Dodging
 - Level 2.4 Stealth
 * Level 16.4 Spellcasting
 + Level 10.5 Conjurations
 + Level 10.8 Fire Magic
 + Level 7.6 Air Magic
 + Level 4.7 Earth Magic
 + Level 8.5 Poison Magic
 + Level 9.5 Evocations


You had 10 spell levels left.
You knew the following spells:

 Your Spells              Type           Power        Failure   Level  Hunger
a - Flame Tongue          Conj/Fire      #####        1%          1    None
b - Throw Flame           Conj/Fire      ######       1%          2    None
c - Conjure Flame         Conj/Fire      ######..     1%          3    None
d - Inner Flame           Hex/Fire       #####...     1%          3    None
e - Sticky Flame          Conj/Fire      ######..     1%          4    None
f - Fireball              Conj/Fire      ######....   1%          5    #......
g - Bolt of Magma         Conj/Fire/Erth ######....   1%          5    #......
h - Mephitic Cloud        Conj/Pois/Air  ######..     1%          3    None
i - Iron Shot             Conj/Erth      ######....   7%          6    ####...


Dungeon Overview and Level Annotations

Branches:
Dungeon (1/1)

Altars:
Cheibriados
Dithmenos
Elyvilon
Fedhas
Gozag
Hepliaklqana
Kikubaaqudgha
Makhleb
Nemelex Xobeh
Okawaru
Qazlal
Ru
Sif Muna
Trog
Uskayaw
Vehumet
Wu Jian
Xom
Yredelemnul
Zin
The Shining One
Beogh
Jiyva
Lugonu

Annotations:
D exclusion: 2 doors


Message History

Vehumet accepts your kill.
You feel your power returning.
You are engulfed in dark miasma.
You are more poisoned.
You feel your flesh rotting away!
You feel very sick.
Unknown command.
* * * LOW HITPOINT WARNING * * *
You feel very sick.
Unknown command.
Okay, then.
Unknown command.
Unknown command.
Unknown command.
* * * LOW HITPOINT WARNING * * *
You feel very sick.
* * * LOW HITPOINT WARNING * * *
You feel very sick.
* * * LOW HITPOINT WARNING * * *
You feel very sick.
* * * LOW HITPOINT WARNING * * *
You feel very sick.
You die...

#..♣♣ ♣....♣..##+######
###+♣♣♣♣♣♣♣♣♣♣....♣♣.#
♣♣♣♣.##..##≈≈≈≈≈≈..#..#
♣...##.##.#≈≈≈≈≈§..#).#
♣♣.##.##%##+≈≈≈≈≈####+#
♣..#.##...#≈≈...§§§§
♣♣.##÷##).#≈..+#####
♣♣.##%#####...#
♣.....##.....@#
########+######


There were no monsters in sight!

Vanquished Creatures
  Erolcha (D)
  2 hydras (D)
  Urug (D)
  A death drake (D)
  A lindwurm (D)
  A deep elf mage (D)
  2 spiny frogs (D)
  A komodo dragon (D)
  A queen bee (D)
  3 wandering mushrooms (D)
  2 tyrant leeches (D)
  5 redbacks (D)
  A shadow (D)
  A spatial vortex (D)
  2 hydra simulacra (D)
  A fire dragon simulacrum (D)
  A necrophage (D)
  5 two-headed ogres (D)
  A water elemental (D)
  28 killer bees (D)
  An electric eel (D)
  A jelly (D)
  Crazy Yiuf (D)
  Jessica (D)
  A necromancer (D)
  A wizard (D)
  A wolf simulacrum (D)
  3 humans (D)
  A kobold demonologist (D)
  An ooze (D)
  2 rats (D)
  A plant (D)
76 creatures vanquished.

Vanquished Creatures (collateral kills)
  3 killer bees (D)
3 creatures vanquished.

Vanquished Creatures (others)
  2 draconian scorchers (D)
  6 hellions (D)
  3 yaktaurs (D)
  A killer bee (D)
  A plant (D)
13 creatures vanquished.

Grand Total: 92 creatures vanquished

Notes
Turn   | Place    | Note
-------+----------+-------------------------------------------
     0 | D        | Kidiri the Deep Elf Fire Elementalist began the quest for the Orb.
     0 | D        | Reached XP level 1. HP: 10/10 MP: 6/6
    16 | D        | Reached skill level 4 in Spellcasting
   114 | D        | Noticed Jessica
   116 | D        | Killed Jessica
   116 | D        | Reached skill level 6 in Spellcasting
   116 | D        | Reached XP level 2. HP: 15/15 MP: 7/11
   116 | D        | Reached XP level 3. HP: 19/19 MP: 7/12
   120 | D        | Learned a level 2 spell: Throw Flame
   122 | D        | Killed a hellion
   124 | D        | Learned a level 3 spell: Conjure Flame
   128 | D        | Learned a level 3 spell: Inner Flame
   156 | D        | Noticed Crazy Yiuf
   159 | D        | Killed a white draconian scorcher
   167 | D        | Killed Crazy Yiuf
   167 | D        | Reached skill level 7 in Spellcasting
   167 | D        | Reached skill level 5 in Fire Magic
   171 | D        | Killed a hellion
   183 | D        | Killed a white draconian scorcher
   187 | D        | Killed a yaktaur
   188 | D        | Killed a yaktaur
   199 | D        | Killed a hellion
   243 | D        | Killed a hellion
   308 | D        | Reached skill level 8 in Spellcasting
   308 | D        | Reached XP level 4. HP: 18/24 MP: 3/16
   310 | D        | Killed a hellion
   344 | D        | Learned a level 4 spell: Sticky Flame
   351 | D        | Killed a hellion
   392 | D        | Noticed a water elemental
   395 | D        | Killed a water elemental
   395 | D        | Reached skill level 9 in Spellcasting
   395 | D        | Reached skill level 5 in Conjurations
   395 | D        | Reached XP level 5. HP: 28/28 MP: 10/18
   402 | D        | Learned a level 5 spell: Fireball
   449 | D        | Found a radiant altar of Vehumet.
   449 | D        | Killed a yaktaur
   451 | D        | Found a deep blue altar of Sif Muna.
   451 | D        | Found an ancient bone altar of Kikubaaqudgha.
   455 | D        | Reached skill level 10 in Spellcasting
   472 | D        | Learned a level 3 spell: Mephitic Cloud
   564 | D        | Became a worshipper of Vehumet
   574 | D        | Found a glowing silver altar of Zin.
   575 | D        | Found a glowing golden altar of the Shining One.
   575 | D        | Found a white marble altar of Elyvilon.
   575 | D        | Noticed a deep elf mage
   581 | D        | Killed a deep elf mage
   581 | D        | Reached skill level 11 in Spellcasting
   581 | D        | Reached XP level 6. HP: 32/36 MP: 12/22
   581 | D        | Reached XP level 7. HP: 35/40 MP: 13/24
   632 | D        | Found an ornate altar of the Wu Jian Council.
   632 | D        | Found a roughly hewn altar of Beogh.
   632 | D        | Found an iron altar of Okawaru.
   632 | D        | Found a bloodstained altar of Trog.
   632 | D        | Found a hide-covered altar of Uskayaw.
   632 | D        | Noticed a human
   632 | D        | Noticed a human
   644 | D        | Killed a human
   644 | D        | Reached skill level 5 in Evocations
   645 | D        | Killed a human
   645 | D        | Reached * piety under Vehumet
   645 | D        | Offered knowledge of Sandblast by Vehumet.
   645 | D        | Reached skill level 5 in Dodging
   645 | D        | Reached skill level 12 in Spellcasting
   743 | D        | Found a basalt altar of Yredelemnul.
   743 | D        | Found a shadowy altar of Dithmenos.
   743 | D        | Found a sacrificial altar of Ru.
  1172 | D        | Noticed a shadow
  1173 | D        | Killed a shadow
  1173 | D        | Offered knowledge of Searing Ray by Vehumet.
  1173 | D        | Reached ** piety under Vehumet
  1173 | D        | Reached XP level 8. HP: 46/46 MP: 19/26
  1208 | D        | Found a blossoming altar of Fedhas.
  1208 | D        | Found a stormy altar of Qazlal.
  1208 | D        | Found a snail-covered altar of Cheibriados.
  1208 | D        | Found a burning altar of Makhleb.
  1208 | D        | Found a shimmering altar of Xom.
  1209 | D        | Found a hazy altar of Hepliaklqana.
  1209 | D        | Found an opulent altar of Gozag.
  1209 | D        | Found a sparkling altar of Nemelex Xobeh.
  1209 | D        | Found a corrupted altar of Lugonu.
  1209 | D        | Found a viscous altar of Jiyva.
  1302 | D        | Reached *** piety under Vehumet
  1474 | D        | Noticed a two-headed ogre
  1479 | D        | Killed a two-headed ogre
  1479 | D        | Offered knowledge of Static Discharge by Vehumet.
  1479 | D        | Reached skill level 13 in Spellcasting
  1479 | D        | Reached skill level 5 in Poison Magic
  1539 | D        | Noticed Erolcha
  1540 | D        | Noticed a two-headed ogre
  1547 | D        | HP: 2/48 [Erolcha/fireball (23)]
  1868 | D        | Offered knowledge of Iskenderun's Mystic Blast by Vehumet.
  1868 | D        | Reached skill level 5 in Short Blades
  1878 | D        | Killed Erolcha
  1878 | D        | Reached skill level 5 in Air Magic
  1878 | D        | Reached XP level 9. HP: 29/52 MP: 2/28
  1878 | D        | Reached **** piety under Vehumet
  2120 | D        | Killed a two-headed ogre
  2120 | D        | Offered knowledge of Irradiate by Vehumet.
  2120 | D        | Reached skill level 14 in Spellcasting
  2366 | D        | Noticed a queen bee
  2372 | D        | Killed a queen bee
  2373 | D        | Reached ***** piety under Vehumet
  2373 | D        | Offered knowledge of Iron Shot by Vehumet.
  2374 | D        | Reached skill level 5 in Armour
  2376 | D        | Reached skill level 5 in Fighting
  2386 | D        | Reached ****** piety under Vehumet
  2386 | D        | Reached XP level 10. HP: 59/59 MP: 17/30
  2440 | D        | Learned a level 6 spell: Iron Shot
  2541 | D        | Offered knowledge of Force Lance by Vehumet.
  2552 | D        | Reached skill level 1 in Earth Magic
  2672 | D        | Noticed a spiny frog
  2672 | D        | Noticed a spiny frog
  2676 | D        | Killed a spiny frog
  2676 | D        | Reached skill level 15 in Spellcasting
  2676 | D        | Reached skill level 10 in Fire Magic
  2681 | D        | Killed a spiny frog
  3186 | D        | Noticed a lindwurm
  3190 | D        | Killed a lindwurm
  3190 | D        | Offered knowledge of Bolt of Magma by Vehumet.
  3321 | D        | Learned a level 5 spell: Bolt of Magma
  3387 | D        | Reached skill level 10 in Conjurations
  3388 | D        | Noticed Urug
  3396 | D        | Killed Urug
  3520 | D        | Reached XP level 11. HP: 64/64 MP: 28/32
  3539 | D        | Noticed a seven-headed hydra
  3539 | D        | Noticed a seven-headed hydra
  3543 | D        | Killed a seven-headed hydra
  3543 | D        | Offered knowledge of Venom Bolt by Vehumet.
  3543 | D        | Reached skill level 16 in Spellcasting
  3545 | D        | Killed a seven-headed hydra
  3640 | D        | Noticed a death drake
  3644 | D        | Killed a death drake
  3649 | D        | HP: 1/62 [poison (dark miasma)]
  3650 | D        | Succumbed to poison (dark miasma)

Vault maps used:
D:        dungeon_sprint_mu

Skill      XL: |  1  2  3  4  5  6  7  8  9 10 11 |
---------------+----------------------------------+-----
Spellcasting   | 6 8 9 11 12 13 14 15 16 | 16.4
Conjurations   | 3 4 5 6 7 8 9 10 | 10.5
Fire Magic     | 4 5 6 7 8 9 10 | 10.8
Evocations     | 2 4 5 6 7 9 |  9.5
Fighting       | 2 3 4 5 6 |  6.3
Short Blades   | 3 4 5 6 7 8 |  8.0
Armour         | 2 3 4 5 6 |  6.5
Dodging        | 4 5 7 8 9 |  9.7
Air Magic      | 3 4 5 6 7 |  7.6
Poison Magic   | 3 4 5 6 8 |  8.5
Earth Magic    | 3 4 |  4.7
Stealth        | |  2.4

Action                   |  1- 3 |  4- 6 |  7- 9 | 10-12 || total
-------------------------+-------+-------+-------+-------++-------
Melee: Dagger            |       |     1 |     3 |     2 ||     6
 Cast: Flame Tongue      |    29 |     6 |    43 |    30 ||   108
       Conjure Flame     |     1 |     1 |     9 |     4 ||    15
       Sticky Flame      |       |     3 |    14 |     6 ||    23
       Mephitic Cloud    |       |     1 |     4 |     5 ||    10
       Inner Flame       |       |       |     9 |     2 ||    11
       Throw Flame       |       |       |     1 |     2 ||     3
       Fireball          |       |       |     1 |       ||     1
       Iron Shot         |       |       |       |    19 ||    19
       Bolt of Magma     |       |       |       |    10 ||    10
 Abil: Evoke Invisibilit |       |       |     1 |       ||     1
  Use: Potion            |     1 |       |     1 |     1 ||     3
       Scroll            |       |     1 |       |     1 ||     2
 Stab: Sleeping          |       |     1 |       |     1 ||     2
  Eat: Royal jelly       |       |       |     2 |     4 ||     6
       Chunk             |       |       |       |     1 ||     1
Armor: Robe              |     2 |       |     1 |     1 ||     4
Dodge: Dodged            |     7 |     1 |    12 |     5 ||    25

Table legend:
 A = Spawn XP
 B = Non-spawn XP
 C = Spawn XP percentage of total XP
 D = Spawn monster count
 E = Non-spawn monster count
 F = Spawn count percentage of total count
 G = Total turns spent on level
                    A         B        C        D         E        F      G
               +---------+---------+-------+---------+---------+-------+---------
         Total |       0 |   14185 |   0.0 |       0 |      79 |   0.0 |  3650
               +---------+---------+-------+---------+---------+-------+---------
             D |       0 |   14185 |   0.0 |       0 |      79 |   0.0 |  3650
               +---------+---------+-------+---------+---------+-------+---------
